 Dungeon Crawl Stone Soup version 0.27-a0-869-g165b36e3f0 (webtiles) character file.

Game seed: 12782980320455962498

61 Lanoc the Cudgeller (level 4, -3/41 HPs)
             Began as a Gnoll Chaos Knight on Apr 2, 2021.
             Was a Plaything of Xom.
             Slain by Sigmund the basilisk (shapeshifter) (6 damage)
             ... on level 2 of the Dungeon.
             The game lasted 00:02:03 (1613 turns).

Lanoc the Cudgeller (Gnoll Chaos Knight)            Turns: 1613, Time: 00:02:04

Health: -3/41      AC:  5    Str:  9 (11) XL:     4   Next: 7%
Magic:  5/5        EV: 16    Int: 10 (11) God:    Xom [...*..]
Gold:   76         SH:  4    Dex: 19 (20) Spells: 5/5 levels left

rFire    . . .     SeeInvis .   a - +0 mace (chaos)
rCold    + + .     Faith    .   g - +0 buckler
rNeg     + . .     Spirit   .   b - +2 leather armour
rPois    .         Reflect  .   (no helmet)
rElec    +         Harm     .   (no cloak)
rCorr    .         Rampage  .   (no gloves)
Will     .....                  (no boots)
Stlth    ++........             (no amulet)
HPRegen  0.13/turn              h - ring of positive energy
MPRegen  0.09/turn              p - ring of Ymoepn {rC++ EV+4 Dex+7}

@: mighty, attractive
A: fangs 1, strong nose, distributed training, electricity resistance,
MP-powered wands
a: Renounce Religion


You were on level 2 of the Dungeon.
You worshipped Xom.
You were a favourite toy of Xom.
You visited 1 branch of the dungeon, and saw 2 of its levels.

You collected 76 gold pieces.

Inventory:

Hand Weapons
 a - a +0 mace of chaos (weapon)
Armour
 b - a +2 leather armour (worn)
 g - a +0 buckler (worn)
Jewellery
 h - a ring of positive energy (left hand)
 p - the ring of Ymoepn (right hand) {rC++ EV+4 Dex+7}
   (Xom gifted it to you on level 2 of the Dungeon)

   [ring of evasion]

   It affects your evasion (+4).
   It affects your dexterity (+7).
   It greatly protects you from cold.
Wands
 n - a wand of acid (10)
Scrolls
 d - a scroll of fear {unknown}
 f - 4 scrolls of identify {unknown}
 i - a scroll of fog {unknown}
 j - 2 scrolls of enchant armour {unknown}
 k - 2 scrolls of magic mapping {unknown}
 m - 2 scrolls of silence {unknown}
Potions
 e - 2 potions of might


   Skills:
 + Level 6.5 Fighting
 + Level 1.0 Short Blades
 + Level 1.0 Long Blades
 + Level 1.0 Axes
 + Level 6.5 Maces & Flails
 + Level 1.0 Polearms
 + Level 1.0 Staves
 + Level 1.0 Slings
 + Level 1.0 Bows
 + Level 1.0 Crossbows
 + Level 1.0 Throwing
 + Level 4.6 Armour
 + Level 2.7 Dodging
 + Level 1.0 Stealth
 + Level 1.0 Shields
 + Level 1.0 Unarmed Combat
 + Level 1.0 Spellcasting
 + Level 0.7 Conjurations
 + Level 0.7 Hexes
 + Level 0.7 Summonings
 + Level 0.7 Necromancy
 + Level 0.7 Translocations
 + Level 0.7 Transmutations
 + Level 0.7 Fire Magic
 + Level 0.7 Ice Magic
 + Level 0.7 Air Magic
 + Level 0.7 Earth Magic
 + Level 0.7 Poison Magic
 + Level 1.1 Invocations
 + Level 1.0 Evocations


You had 5 spell levels left.
You didn't know any spells.
Your spell library was empty.

Dungeon Overview and Level Annotations

Branches:
Dungeon (2/15)

Altars:

Annotations:
D:2 Sigmund


Innate Abilities, Weirdness & Mutations

You have very sharp teeth.
Your uncanny sense of smell can sniff out nearby items.
Your experience applies equally to all skills.
You are resistant to electric shocks. (rElec)
You expend magic power (3 MP) to strengthen your wands.


Message History

You are more confused.
It was a potion of curing.
You feel better.
Xom thinks this is hilarious!
Something barely misses you.
You hit something. Something hits you but does no damage.
You sock something! Something hits you!
You hit something.
Nothing appears to happen.
Something hits you.
You barely miss something. Something hits you!
It was a potion of might.
You feel very mighty all of a sudden. Something hits you.
It was a potion of attraction.
You feel attractive to monsters. Something hits you.
* * * LOW HITPOINT WARNING * * *
You feel better. Something hits you.
It was a potion of degeneration.
There was something very wrong with that liquid.
You feel weakened.
You feel dopey.
You feel clumsy.
Xom thinks this is hilarious!
Something hits you!
* * * LOW HITPOINT WARNING * * *
You miss something.
You hear some strange, mumbled words.
Something tries to affect you, but you resist.
You miss something. Something hits you.
* * * LOW HITPOINT WARNING * * *
You hit something. Something barely misses you.
You hear some strange, mumbled words.
Something tries to affect you, but you resist.
You sock something! "This might be better!"
Sigmund appears out of thin air!
Reactivating autopickup.
Sigmund the shapeshifter changes into a basilisk!
You completely miss Sigmund.
Sigmund is lightly wounded.
Sigmund bites you.
You die...
Xom giggles madly!

.#.# #..#######
##.......######
#..#####......#
.#.# ######.####
...# #.......#
#### #.##.##.# #
#....##.#
#.#####@#
########.# #l#
#.....##.. ..#
#.....##.# ####
#.....##.#
#.....##.#
#.....##.####
#####[##......##
..###.##>#.##..##


You could see Sigmund the basilisk shaped shifter.

Vanquished Creatures
  2 adders (D:2)
  2 worms (D:2)
  A dart slug (D:1)
  A ball python (D:1)
  5 bats (D:1)
  4 endoplasms
  A giant cockroach (D:1)
  3 goblins (D:1)
  4 hobgoblins (D:1)
  2 jackals (D:1)
  2 quokkas (D:1)
  2 frilled lizards (D:1)
  A kobold (D:1)
  2 rats (D:1)
32 creatures vanquished.

Notes
Turn   | Place    | Note
-------+----------+-------------------------------------------
     0 | D:1      | Lanoc the Gnoll Chaos Knight began the quest for the Orb.
     0 | D:1      | Reached XP level 1. HP: 23/23 MP: 1/1
    55 | D:1      | Reached XP level 2. HP: 29/29 MP: 2/2
   158 | D:1      | XOM: divination: detect items
   362 | D:1      | Reached XP level 3. HP: 33/35 MP: 3/3
   480 | D:1      | Found a faded altar of an unknown god.
   698 | D:1      | XOM: give mutations
   698 | D:1      | Gained mutation: You are resistant to electric shocks.
                  | (rElec) [Xom's grace]
   698 | D:1      | Gained mutation: You expend magic power (3 MP) to
                  | strengthen your wands. [Xom's grace]
   826 | D:2      | XOM: smoke on damage
   828 | D:2      | XOM: 1-stop teleportation journey
   829 | D:2      | XOM: god gift: short silver wand {god gift}
   836 | D:2      | Reached skill level 1 in Invocations
  1362 | D:2      | Reached skill level 1 in Short Blades
  1362 | D:2      | Reached skill level 1 in Long Blades
  1362 | D:2      | Reached skill level 1 in Axes
  1362 | D:2      | Reached skill level 1 in Polearms
  1362 | D:2      | Reached skill level 1 in Staves
  1362 | D:2      | Reached skill level 1 in Slings
  1362 | D:2      | Reached skill level 1 in Bows
  1362 | D:2      | Reached skill level 1 in Crossbows
  1362 | D:2      | Reached skill level 1 in Throwing
  1362 | D:2      | Reached skill level 1 in Stealth
  1362 | D:2      | Reached skill level 1 in Shields
  1362 | D:2      | Reached skill level 1 in Unarmed Combat
  1362 | D:2      | Reached skill level 1 in Spellcasting
  1362 | D:2      | Reached skill level 1 in Evocations
  1362 | D:2      | Reached XP level 4. HP: 30/41 MP: 5/5
  1393 | D:2      | XOM: cloud trail
  1420 | D:2      | Identified the ring of Ymoepn {rC++ EV+4 Dex+7} (Xom gifted
                  | it to you on level 2 of the Dungeon)
  1420 | D:2      | XOM: god gift: ring of Ymoepn {rC++ EV+4 Dex+7}
  1588 | D:2      | Noticed Sigmund
  1610 | D:2      | HP: 2/41 [something (4)]
  1612 | D:2      | Noticed Sigmund
  1612 | D:2      | XOM: polymorph something unseen -> Sigmund the shapeshifter
  1612 | D:2      | Noticed Sigmund
  1612 | D:2      | Sigmund the shapeshifter changed into Sigmund the basilisk
  1613 | D:2      | Slain by Sigmund the basilisk (shapeshifter)

Illustrated notes

Levels and vault maps discovered:
D:1:      lightli_arrival_windingriver, layout_loops_ring,
          basic_ecumenical_altar, minmay_misc_feat_square,
          amcnicky_mini_corridor_feature, serial_bayou_pond_b, glass_columns_b,
          minmay_split_cup_large
D:2:      layout_loops_cross, uniq_sigmund

Skill      XL: |  1  2  3 |
---------------+----------+-----
Invocations    | 1 |  1.1
Short Blades   | 1 |  1.0
Long Blades    | 1 |  1.0
Axes           | 1 |  1.0
Polearms       | 1 |  1.0
Staves         | 1 |  1.0
Slings         | 1 |  1.0
Bows           | 1 |  1.0
Crossbows      | 1 |  1.0
Throwing       | 1 |  1.0
Stealth        | 1 |  1.0
Shields        | 1 |  1.0
Unarmed Combat | 1 |  1.0
Spellcasting   | 1 |  1.0
Evocations     | 1 |  1.0
Fighting       | |  6.5
Maces & Flails | |  6.5
Armour         | |  4.6
Dodging        | |  2.7
Conjurations   | |  0.7
Hexes          | |  0.7
Summonings     | |  0.7
Necromancy     | |  0.7
Translocations | |  0.7
Transmutations | |  0.7
Fire Magic     | |  0.7
Ice Magic      | |  0.7
Air Magic      | |  0.7
Earth Magic    | |  0.7
Poison Magic   | |  0.7

Action                   |  1- 3 |  4- 6 || total
-------------------------+-------+-------++-------
Melee: Mace              |    95 |    21 ||   116
       Bite              |     8 |     5 ||    13
  Use: Potion            |       |     5 ||     5
 Stab: Confused          |     1 |       ||     1
       Sleeping          |     1 |       ||     1
Armor: Leather armour    |    34 |     2 ||    36
Dodge: Dodged            |    57 |     4 ||    61
Block: Buckler           |     4 |     1 ||     5

Table legend: (Time is in decaauts)
 A = Elapsed time spent in this place.
 B = Non-inter-level travel time spent in this place.
 C = Inter-level travel time spent in this place.
 D = Time resting spent in this place.
 E = Time spent auto-exploring this place.
 F = Levels seen in this place.
 G = Mean time per level.
                   A        B        C        D        E       F      G
               +--------+--------+--------+--------+--------+-----+--------+
         Total |   1630 |   1616 |     14 |      0 |   1352 |   2 |  815.0 |
       Dungeon |   1630 |   1616 |     14 |      0 |   1352 |   2 |  815.0 |
               +--------+--------+--------+--------+--------+-----+--------+

Top non-repeatable levels by time:
     D:1: 825 daAuts
     D:2: 804 daAuts
